 Dungeon Crawl Stone Soup version 0.31-a0-851-g7ff8af7976 (webtiles) character file.

Game seed: 11676875154838418450

505 BinkBink the Shield-Bearer (level 6, -3/56 HPs)
             Began as a Minotaur Fighter on Oct 7, 2023.
             Slain by an ice beast (12 damage)
             ... on level 5 of the Dungeon.
             The game lasted 00:03:22 (3138 turns).

BinkBink the Shield-Bearer (Minotaur Fighter)       Turns: 3138, Time: 00:03:23

Health: -3/56      AC:  7    Str: 23    XL:     6   Next: 96%
Magic:  5/5        EV:  9    Int:  5    God:
Gold:   152        SH:  5    Dex:  9    Spells: 5/5 levels left

rFire   . . .        a - +0 long sword
rCold   . . .        c - +0 buckler
rNeg    . . .        b - +0 scale mail
rPois   .            (helmet restricted)
rElec   .            (no cloak)
rCorr   .            (no gloves)
SInv    .            (no boots)
Will    .....        (no amulet) Stlth
                     (no ring)
HPRegen 0.29/turn    (no ring)
MPRegen 0.09/turn

%: no passive effects
@: about to teleport
A: horns 2, retaliatory headbutt
a: no special abilities


You were on level 5 of the Dungeon.
You visited 1 branch of the dungeon, and saw 5 of its levels.

You collected 152 gold pieces.

Inventory:

Hand Weapons
 a - a +0 long sword (weapon)
Armour
 b - a +0 scale mail (worn)
 c - a +0 buckler (worn)
Jewellery
 h - an amulet of faith
 i - a ring of poison resistance
Scrolls
 e - 3 scrolls of amnesia {unknown}
 g - 2 scrolls of teleportation
 j - 2 scrolls of fear {unknown}
 l - a scroll of enchant weapon {unknown}
 m - 4 scrolls of identify {unknown}
 n - a scroll of blinking {unknown}
 q - a scroll of summoning {unknown}
Potions
 d - a potion of might
 f - 2 potions of heal wounds
 k - a potion of magic {unknown}
 o - a potion of mutation {unknown}
 p - a potion of attraction {unknown}


   Skills:
 + Level 5.3 Fighting
 + Level 4.5 Long Blades
 + Level 5.3 Armour
 * Level 6.6 Shields


You had 5 spell levels left.
You didn't know any spells.
Your spell library contained the following spells:

 Spells                   Type           Power      Damage    Failure   Level
 Summon Small Mammal      Summ           0%         N/A       83%         1
 Call Canine Familiar     Summ           0%         N/A       99%         3
 Summon Guardian Golem    Hex/Summ       0%         N/A       99%         3


Dungeon Overview and Level Annotations

Branches:
Dungeon (5/15)
 Temple: D:4-7

Altars:
Nemelex Xobeh
Ru
Wu Jian
Xom


Innate Abilities, Weirdness & Mutations

You have a pair of horns on your head.
You reflexively headbutt those who attack you in melee.


Message History

* * * LOW HITPOINT WARNING * * *
The iguana attacks as it pursues you! The iguana closely misses you.
You furiously retaliate!
You headbutt the iguana.
It was a potion of heal wounds.
You feel much better. The iguana bites you.
You hit the iguana.
You kill the iguana!
You closely miss the phantom. The phantom hits you.
The phantom blinks!
You blink.
The ice beast barely misses you. The phantom hits you.
The phantom blinks!
You blink.
The phantom closely misses you.
You hit the phantom.
The phantom is lightly damaged.
The phantom hits you.
The phantom blinks!
You blink.
There is a stone staircase leading down here.
The phantom hits you.
The phantom blinks!
You blink.
You stop descending the stairs.
The phantom hits you.
The phantom hits you but does no damage.
The phantom attacks as it pursues you! The phantom hits you.
* * * LOW HITPOINT WARNING * * *
The phantom attacks as it pursues you! The phantom hits you.
* * * LOW HITPOINT WARNING * * *
The phantom attacks as it pursues you!
The phantom hits you but does no damage.
A scorpion and a jelly come into view.
Found 9 gold pieces.
Found an escape hatch in the floor.
The jelly quivers.
The phantom attacks as it pursues you! The phantom hits you.
* * * LOW HITPOINT WARNING * * *
The phantom blinks!
You blink.
The scorpion moves out of view.
The jelly moves out of view.
As you read the scroll labelled SUXZA UXTA, it crumbles to dust.
You feel strangely unstable.
It was a scroll of teleportation.
You block the ice beast's attack.
You slash the phantom!
The phantom is moderately damaged.
You block the phantom's attack. The ice beast hits you.
* * * LOW HITPOINT WARNING * * *
The ice beast freezes you!
You die...

#.# #....##.## #.#
#.......## #.# . #†.... #.#
..#.<##. #.# #.....### #.#
#......# # #.# #.#....###
########W# #<#.......
##......#@# ......##.
##.......Y.# ..#......
#................##.#...#..
#..............## #.#......
#........./....# ##.##.....
#...............##..##.....
#.>........####..........##
##........### ####.##......
#..........#####..###...##


You could see an ice beast and a phantom.

Vanquished Creatures
  A centaur (D:5)
  A scorpion (D:4)
  A howler monkey (D:4)
  2 hounds (D:4)
  2 iguanas
  12 adders
  A shadow imp (D:5)
  A worm (D:2)
  3 dart slugs
  An orc (D:5)
  10 ball pythons
  13 endoplasms
  2 giant cockroaches
  6 goblins
  7 hobgoblins
  4 jackals (D:1)
  2 quokkas
  3 bats
  4 frilled lizards
  15 kobolds
  8 rats
99 creatures vanquished.

Notes
Turn   | Place    | Note
-------+----------+-------------------------------------------
     0 | D:1      | BinkBink the Minotaur Fighter began the quest for the Orb.
     0 | D:1      | Reached XP level 1. HP: 19/19 MP: 0/0
    86 | D:1      | Reached XP level 2. HP: 27/27 MP: 1/1
    97 | D:1      | Reached skill level 4 in Shields
   442 | D:1      | Reached XP level 3. HP: 33/33 MP: 2/2
   917 | D:2      | Reached XP level 4. HP: 37/40 MP: 3/3
  1637 | D:3      | Reached skill level 5 in Shields
  1801 | D:3      | Found a shimmering altar of Xom.
  2064 | D:3      | Reached XP level 5. HP: 47/47 MP: 4/4
  2097 | D:3      | Found an ornate altar of the Wu Jian Council.
  2709 | D:4      | Found a sparkling altar of Nemelex Xobeh.
  2776 | D:4      | Reached XP level 6. HP: 55/55 MP: 5/5
  2781 | D:4      | Found a sacrificial altar of Ru.
  2851 | D:4      | Reached skill level 5 in Fighting
  2851 | D:4      | Reached skill level 6 in Shields
  2857 | D:4      | Reached skill level 5 in Armour
  3026 | D:5      | Entered Level 5 of the Dungeon
  3107 | D:5      | Noticed an ice beast
  3138 | D:5      | Slain by an ice beast

Illustrated notes

Levels and vault maps discovered:
D:1:      grunt_arrival_crossed_arrows, layout_basic,
          nicolae_figureground_sparkle
D:2:      layout_loops_ring
D:3:      layout_loops_corners, brannock_xom_greatest_gift,
          nicolae_wu_jian_immortal_techniques, corexii_leaking_fountain
D:4:      layout_rooms, kennysheep_mini, nicolae_ru_awakened_eye
D:5:      layout_rooms, minmay_temple_entry_enclosed_plants

Skill      XL: |  1  2  3  4  5  6 |
---------------+-------------------+-----
Shields        | 4 5 6 |  6.6
Armour         | 4 5 |  5.3
Fighting       | 4 5 |  5.3
Long Blades    | 3 4 |  4.5

Action                     |  1- 3 |  4- 6 || total
---------------------------+-------+-------++-------
  Melee: Long sword        |    86 |   178 ||   264
         Headbutt          |    15 |    26 ||    41
    Use: Scroll            |       |     1 ||     1
         Potion            |       |     1 ||     1
 Armour: Scale mail        |    57 |   138 ||   195
  Dodge: Dodged            |    48 |   100 ||   148
  Block: Buckler           |    19 |    52 ||    71

Table legend: (Time is in decaauts)
 A = Elapsed time spent in this place.
 B = Non-inter-level travel time spent in this place.
 C = Inter-level travel time spent in this place.
 D = Time resting spent in this place.
 E = Time spent auto-exploring this place.
 F = Levels seen in this place.
 G = Mean time per level.
                   A        B        C        D        E       F      G
               +--------+--------+--------+--------+--------+-----+--------+
         Total |   3204 |   3010 |    194 |      0 |   2405 |   5 |  640.8 |
       Dungeon |   3204 |   3010 |    194 |      0 |   2405 |   5 |  640.8 |
               +--------+--------+--------+--------+--------+-----+--------+

Top non-repeatable levels by time:
     D:3: 1023 daAuts
     D:1: 772 daAuts
     D:2: 681 daAuts
     D:4: 609 daAuts
     D:5: 117 daAuts
